 Dungeon Crawl Stone Soup version 0.27-a0-988-g25969acef8 (webtiles) character file.

Game seed: 12791595793465012730

12996 vurker the Thaumaturge (level 12, -4/93 HPs)
             Began as a Djinni Fire Elementalist on Apr 15, 2021.
             Killed from afar by a manticore (20 damage)
             ... with a volley of spikes
             ... on level 11 of the Dungeon.
             The game lasted 00:15:38 (14201 turns).

vurker the Thaumaturge (Djinni Fire Elementalist)  Turns: 14201, Time: 00:15:38

Health: -4/93      AC:  4    Str:  7    XL:     12   Next: 1%
Gold:   545        EV: 13    Int: 22    God:
                   SH:  0    Dex: 14

rFire    + + .     SeeInvis +   a - staff of fire
rCold    . . .     Faith    .   (no shield)
rNeg     . . .     Spirit   .   n - +0 robe
rPois    ∞         Reflect  .   (no helmet)
rElec    .         Harm     +   e - scarf {harm}
rCorr    .         Rampage  .   r - +1 pair of gloves
Will     +....                  (boots unavailable)
Stlth    ++........             H - amulet of the acrobat
HPRegen  0.25/turn              l - ring of see invisible
MPRegen  0.00/turn              B - ring of ice

@: spiked, flying
A: fire resistance 2, cold vulnerability 1, float, innate caster, hp casting,
extra vitality 1
a: no special abilities


You were on level 11 of the Dungeon.
You visited 1 branch of the dungeon, and saw 11 of its levels.

You collected 545 gold pieces.

Inventory:

Hand Weapons
 b - a +5 short sword of freezing
   (You took it off a kobold on level 1 of the Dungeon)
Armour
 e - a scarf of harm (worn)
   (You found it on level 1 of the Dungeon)
 h - a +2 cloak
   (You found it on level 1 of the Dungeon)
 n - a +0 robe (worn)
 r - a +1 pair of gloves (worn)
   (You found it on level 4 of the Dungeon)
Magical Staves
 a - a staff of fire (weapon)
   (You found it on level 2 of the Dungeon)
Jewellery
 l - a ring of see invisible (left hand)
   (You found it on level 1 of the Dungeon)
 B - a ring of ice (right hand)
   (You found it on level 6 of the Dungeon)
 C - a ring of positive energy
   (You found it on level 6 of the Dungeon)
 G - a ring of resist corrosion
   (You found it on level 7 of the Dungeon)
 H - an amulet of the acrobat (around neck)
   (You found it on level 8 of the Dungeon)
Wands
 d - a wand of iceblast (30)
   (You found it on level 9 of the Dungeon)
 t - a wand of flame (47)
   (You found it on level 6 of the Dungeon)
 u - a wand of paralysis (12)
   (You found it on level 10 of the Dungeon)
 v - a wand of digging (8)
   (You took it off an orc on level 10 of the Dungeon)
 x - a wand of acid (8)
   (You found it on level 6 of the Dungeon)
 D - a wand of charming (22)
   (You took it off Pikel on level 7 of the Dungeon)
Scrolls
 m - 4 scrolls of fog
 w - a scroll of vulnerability
 y - a scroll of immolation
 E - a scroll of blinking
 F - 2 scrolls of enchant armour
 J - a scroll of identify
 L - 3 scrolls of teleportation
Potions
 c - 4 potions of lignification
 f - a potion of attraction {unknown}
 g - 6 potions of heal wounds
 i - a potion of magic {unknown}
 j - 4 potions of mutation
 k - 7 potions of curing
 o - 2 potions of invisibility {unknown}
 p - 2 potions of cancellation {unknown}
 q - a potion of haste {unknown}
 s - a potion of flight {unknown}
 z - a potion of brilliance {unknown}
 A - a potion of might {unknown}
 I - a potion of berserk rage {unknown}
 K - 2 potions of ambrosia {unknown}


   Skills:
 + Level 10.7 Fighting
 + Level 4.0 Dodging
 - Level 1.5 Stealth
 * Level 12.8 Spellcasting


You had 7 spell levels left.
You knew the following spells:

 Your Spells              Type           Power      Damage    Failure   Level
a - Foxfire               Conj/Fire      100%       2x1d9     1%          1
b - Conjure Flame         Conj/Fire      82%        6-21      1%          3
c - Inner Flame           Hex/Fire       82%        N/A       1%          3
d - Animate Skeleton      Necr           100%       N/A       1%          1
e - Ensorcelled Hibernat  Hex/Ice        100%       N/A       1%          2
f - Teleport Other        Tloc           63%        N/A       1%          3
g - Stone Arrow           Conj/Erth      100%       3d13      1%          3
h - Passage of Golubria   Tloc           N/A        N/A       1%          4
q - Sticky Flame          Conj/Fire      82%        2d9       1%          4
z - Fireball              Conj/Fire      41%        3d17      1%          5
Your spell library was empty.

Dungeon Overview and Level Annotations

Branches:
Dungeon (11/15)            Temple (0/1) D:5             Orc (0/2) D:10
   Lair: D:8-11

Altars:
Ashenzari
Elyvilon
Gozag
Hepliaklqana
Okawaru
Ru
Sif Muna
Trog
Vehumet
Yredelemnul

Shops:
D:4 [

Annotations:
D:4 3 runed translucent doors, Darold's ghost, amateur MfTm


Innate Abilities, Weirdness & Mutations

You are immune to poison.
Your flesh is very heat resistant. (rF++)
You are vulnerable to cold. (rC-)
You float through the air rather than walking.
You learn spells naturally, not from books.
Your magical power is your life essence.
You have superior vitality. (+4 HP)


Message History

Aim: a five-headed hydra (severely wounded)
You feel a surge of power!
The fireball explodes!
The fireball engulfs the five-headed hydra!!!
You kill the five-headed hydra!
* * * LOW HITPOINT WARNING * * *
You hear a bark! x3; You hear a shout! x2
A manticore comes into view.
The kobold demonologist casts a spell.
You feel a surge of power!
The fireball explodes!
The fireball engulfs the kobold demonologist!
The fireball engulfs the neqoxec!!
* * * LOW HITPOINT WARNING * * *
You hear a shout!
You hear a bark!
The neqoxec hits you but does no damage.
You feel a surge of power!
The fireball explodes!
The fireball engulfs the neqoxec!!
You kill the neqoxec!
The fireball engulfs the kobold demonologist!
You kill the kobold demonologist!
* * * LOW HITPOINT WARNING * * *
You hear a shout! x3; You hear a roar!
Okay, then.
Aim: a manticore You feel a surge of power!
The fireball explodes!
The fireball engulfs the manticore.
You feel a bit more experienced.
* * * LOW HITPOINT WARNING * * *
You hear a bark!
The manticore flicks its tail.
The volley of spikes misses you.
Aim: a manticore (lightly wounded)
You feel a surge of power!
The fireball explodes!
The fireball engulfs the manticore!
You feel a bit more experienced.
* * * LOW HITPOINT WARNING * * *
You hear a bark!
A shadow wraith comes into view.
Your Dodging skill increases to level 4!
You have reached level 12!
Your experience leads to an increase in your attributes!
Increase (S)trength, (I)ntelligence, or (D)exterity?
You feel clever. x2
Aim: a shadow wraith (heavily damaged, slightly transparent, 83% to hit)
The bolt of acid hits the manticore.
The manticore is splashed with acid.
The bolt of acid hits the shadow wraith.
The shadow wraith is splashed with acid.
You hear a bark!
A hound comes into view.
A slime creature comes into view.
The manticore flicks its tail.
The volley of spikes hits you!
The barbed spikes become lodged in your body.
You die...

##... #.... #..h J..#
#W†# #H.# #######..#
# ##......@.### ##
##..##.......#
.#######............#
......)..####.......#
......#######.......#
#####(......+...>...#
......#######.......#
#####.# #.......# #.#
#.......#


You could see a slime creature, a shadow wraith (invisible), a manticore and a
hound (wandering).

Vanquished Creatures
  2 hydras (D:11)
  A centaur warrior (D:11)
  Erica (D:9)
  Urug (D:10)
  Pikel (D:7)
  2 cyclopes (D:11)
  An ugly thing (D:11)
  An unseen horror (D:7)
  A kobold demonologist (D:11)
  Psyche (D:8)
  A hornet (D:7)
  Sigmund (D:6)
  9 yaks (D:8)
  Grum (D:9)
  2 steam dragons (D:7)
  Menkaure (D:7)
  Duvessa (D:7)
  A water moccasin (D:7)
  9 orc warriors
  A swamp drake (D:10)
  3 black bears
  2 sky beasts (D:8)
  An ice beast (D:6)
  4 wolves
  5 centaurs
  3 lemures
  4 bullfrogs
  3 kobold brigands
  Blork the orc (D:5)
  A scorpion (D:7)
  A gnoll sergeant (D:11)
  A water moccasin zombie (D:5)
  Dowan (D:7)
  11 wights
  5 howler monkeys
  2 centaur zombies
  2 bullfrog zombies
  5 hounds
  A bullfrog skeleton (D:3)
  6 orc priests
  A centaur skeleton (D:7)
  An iguana (D:4)
  8 orc wizards
  A statue (D:9)
  A killer bee zombie (D:6)
  A hound skeleton (D:5)
  A howler monkey zombie (D:10)
  3 howler monkey skeletons
  8 adders
  A white imp (D:7)
  An ufetubus (D:6)
  2 worms (D:2)
  10 dart slugs
  41 orcs
  2 bats (D:2)
  10 endoplasms
  6 giant cockroaches
  7 hobgoblins
  13 jackals
  6 quokkas
  7 ball pythons
  4 frilled lizards
  5 goblins
  A goblin zombie (D:5)
  16 kobolds
  A quokka zombie (D:5)
  4 rats
263 creatures vanquished.

Vanquished Creatures (others)
  A centaur simulacrum (D:11)
  986 foxfires
  A plant (D:1)
988 creatures vanquished.

Grand Total: 1251 creatures vanquished

Notes
Turn   | Place    | Note
-------+----------+-------------------------------------------
     0 | D:1      | vurker the Djinni Fire Elementalist began the quest for the
                  | Orb.
     0 | D:1      | Reached XP level 1. HP: 15/15 MP: 0/0
   150 | D:1      | Reached skill level 3 in Spellcasting
   150 | D:1      | Reached XP level 2. HP: 12/22 MP: 0/0
   574 | D:1      | Found a faded altar of an unknown god.
   593 | D:1      | Reached skill level 1 in Fighting
  1074 | D:1      | Reached XP level 3. HP: 24/27 MP: 0/0
  1074 | D:1      | Learned a level 1 spell: Animate Skeleton
  1946 | D:2      | Reached XP level 4. HP: 28/33 MP: 0/0
  2345 | D:2      | Found a basalt altar of Yredelemnul.
  2532 | D:2      | Reached skill level 4 in Spellcasting
  3273 | D:3      | Reached XP level 5. HP: 37/39 MP: 0/0
  3273 | D:3      | Learned a level 2 spell: Ensorcelled Hibernation
  3850 | D:4      | Found a runed translucent gate.
  3851 | D:4      | Found a runed translucent gate.
  3870 | D:4      | Found a runed translucent gate.
  3872 | D:4      | Found an opulent altar of Gozag.
  3900 | D:4      | Reached XP level 6. HP: 32/46 MP: 0/0
  4016 | D:4      | Noticed Darold's ghost (amateur MfTm)
  4020 | D:4      | Noticed an orc warrior
  4424 | D:4      | Found Ytiecvoh's Antique Armour Shoppe.
  4624 | D:4      | Found a hazy altar of Hepliaklqana.
  4927 | D:5      | Entered Level 5 of the Dungeon
  5064 | D:5      | Reached skill level 5 in Spellcasting
  5236 | D:5      | Noticed Blork the orc
  5241 | D:5      | Killed Blork the orc
  5539 | D:5      | Reached XP level 7. HP: 46/51 MP: 0/0
  5539 | D:5      | Learned a level 3 spell: Teleport Other
  5720 | D:5      | Reached skill level 6 in Spellcasting
  5911 | D:5      | Found a staircase to the Ecumenical Temple.
  6409 | D:6      | Found a sacrificial altar of Ru.
  6532 | D:6      | Reached XP level 8. HP: 56/58 MP: 0/0
  6868 | D:6      | Reached skill level 5 in Fighting
  7006 | D:6      | Reached skill level 7 in Spellcasting
  7191 | D:6      | Noticed Sigmund
  7201 | D:6      | Killed Sigmund
  7992 | D:7      | Reached skill level 8 in Spellcasting
  7998 | D:7      | Reached XP level 9. HP: 33/66 MP: 0/0
  7998 | D:7      | Learned a level 3 spell: Stone Arrow
  8613 | D:7      | Noticed Menkaure
  8621 | D:7      | Killed Menkaure
  8902 | D:7      | Noticed a hornet
  8904 | D:7      | Noticed an unseen horror
  8910 | D:7      | Killed a hornet
  8911 | D:7      | Reached skill level 9 in Spellcasting
  8913 | D:7      | Killed an unseen horror
  9228 | D:7      | Noticed Dowan
  9229 | D:7      | Noticed Duvessa
  9243 | D:7      | Killed Duvessa
  9244 | D:7      | Killed Dowan
  9289 | D:7      | Noticed Pikel
  9564 | D:7      | Killed Pikel
  9565 | D:7      | Reached skill level 10 in Spellcasting
  9565 | D:7      | Reached XP level 10. HP: 48/76 MP: 0/0
  9740 | D:7      | Found a white marble altar of Elyvilon.
  9882 | D:8      | Noticed Psyche
 10049 | D:8      | Killed Psyche
 10605 | D:8      | Reached skill level 11 in Spellcasting
 11067 | D:9      | Noticed Erica
 11070 | D:9      | Killed Erica
 11135 | D:9      | Reached XP level 11. HP: 60/84 MP: 0/0
 11135 | D:9      | Learned a level 4 spell: Passage of Golubria
 11486 | D:9      | Found an iron altar of Okawaru.
 11547 | D:9      | Noticed Grum
 11549 | D:9      | Killed Grum
 11806 | D:9      | Found a bloodstained altar of Trog.
 12183 | D:10     | Entered Level 10 of the Dungeon
 12383 | D:10     | Found an opulent altar of Gozag.
 12463 | D:10     | Found a broken altar of Ashenzari.
 12512 | D:10     | Noticed Urug
 12515 | D:10     | Killed Urug
 12908 | D:10     | Reached skill level 12 in Spellcasting
 12909 | D:10     | Found a staircase to the Orcish Mines.
 13176 | D:10     | Reached skill level 10 in Fighting
 13657 | D:11     | Noticed a purple ugly thing
 13661 | D:11     | Killed a purple ugly thing
 14068 | D:11     | Noticed a cyclops
 14071 | D:11     | Killed a cyclops
 14187 | D:11     | Noticed a cyclops
 14188 | D:11     | Identified the ring of Fuulevve {rCorr MP+9}
 14191 | D:11     | Killed a cyclops
 14192 | D:11     | Noticed an eight-headed hydra
 14193 | D:11     | Noticed a five-headed hydra
 14194 | D:11     | Killed an eight-headed hydra
 14196 | D:11     | Killed a five-headed hydra
 14196 | D:11     | Noticed a manticore
 14200 | D:11     | Killed a centaur warrior
 14200 | D:11     | Noticed a shadow wraith
 14201 | D:11     | Reached XP level 12. HP: 16/93 MP: 0/0
 14201 | D:11     | Killed from afar by a manticore

Illustrated notes

Levels and vault maps discovered:
D:1:      dpeg_arrival_rooms_b, layout_loops_ring,
          shapermc_ecumenical_altar_mp_ritualfount, minmay_octomino_j4
D:2:      layout_basic, basic_altar
D:3:      layout_basic
D:4:      layout_basic, worldfamousw_hep_ancestral_shrine, ebering_ghost_gozag,
          serial_shops, shop
D:5:      kennysheep_slugbush, layout_basic, minmay_temple_entry_junction_2,
          enter_ossuary_4, hangedman_decor_points, uniq_blork_the_orc
D:6:      layout_basic, lemuel_doored_altar, lemuel_coloured_pillars_altar,
          uniq_sigmund
D:7:      kennysheep_six_static_rooms, layout_rooms, old_standard_altar,
          uniq_duvessa, uniq_menkaure, uniq_pikel
D:8:      layout_cave_pools, uniq_psyche
D:9:      layout_loops_ring, trog_ov_bears_minmay, vehumet_statue,
          general_overflow_altar, uniq_erica, uniq_grum
D:10:     layout_loops_ring, lemuel_round_altar, ashenzari_conservatory_becter,
          nicolae_overflow_hidden_temple, erik_orc_1, uniq_urug
D:11:     minmay_the_grid_octo_tiled_squarecenter_mashed
          [minmay_the_grid_octo_vomiting_pacman, minmay_the_grid_octo_teeth,
          minmay_the_grid_octo_horde, minmay_the_grid_octo_pinwheel,
          minmay_the_grid_square_5x5_megaprize_crossed,
          minmay_the_grid_square_5x5_percent,
          minmay_the_grid_square_5x5_minimal, minmay_the_grid_square_5x5_bite,
          minmay_the_grid_square_5x5_minibox], layout_basic, erik_lair_island

Skill      XL: |  1  2  3  4  5  6  7  8  9 10 11 |
---------------+----------------------------------+-----
Spellcasting   | 3 4 5 6 8 10 11 12 | 12.8
Fighting       | 1 2 3 4 6 8 9 10 | 10.7
Dodging        | 4 |  4.0
Stealth        | |  1.5

Action                   |  1- 3 |  4- 6 |  7- 9 | 10-12 || total
-------------------------+-------+-------+-------+-------++-------
Melee: Short sword       |    11 |       |       |       ||    11
       Staff             |       |     7 |     3 |       ||    10
 Cast: Foxfire           |    87 |   189 |   233 |    79 ||   588
       Sticky Flame      |       |       |    12 |     6 ||    18
       Fireball          |       |       |       |    95 ||    95
Evoke: Wand              |       |       |     1 |     1 ||     2
  Use: Scroll            |       |     5 |     9 |       ||    14
 Stab: Sleeping          |     1 |     1 |       |       ||     2
Armor: Robe              |     2 |     5 |     8 |     2 ||    17
Dodge: Dodged            |    10 |    20 |    18 |    12 ||    60

Table legend: (Time is in decaauts)
 A = Elapsed time spent in this place.
 B = Non-inter-level travel time spent in this place.
 C = Inter-level travel time spent in this place.
 D = Time resting spent in this place.
 E = Time spent auto-exploring this place.
 F = Levels seen in this place.
 G = Mean time per level.
                   A        B        C        D        E       F      G
               +--------+--------+--------+--------+--------+-----+--------+
         Total |  14214 |  13811 |    403 |    545 |  11859 |  11 | 1292.2 |
       Dungeon |  14214 |  13811 |    403 |    545 |  11859 |  11 | 1292.2 |
               +--------+--------+--------+--------+--------+-----+--------+

Top non-repeatable levels by time:
     D:7: 2024 daAuts
     D:1: 1641 daAuts
     D:6: 1624 daAuts
     D:9: 1417 daAuts
     D:5: 1375 daAuts
     D:4: 1285 daAuts
    D:10: 1201 daAuts
     D:2: 1195 daAuts
     D:8: 1096 daAuts
     D:3: 804 daAuts
    D:11: 547 daAuts
